 Dungeon Crawl Stone Soup version 0.31-a0-246-g8cbcc1cb85 (webtiles) character file.

Game seed: 9383877851006316625

65 qw the Shooter (level 3, 0/29 HPs)
             Began as a Minotaur Hexslinger on July 12, 2023.
             Slain by an orc wizard
             ... wielding a +0 dagger
              (3 damage)
             ... on level 3 of the Dungeon.
             The game lasted 00:00:25 (1137 turns).

qw the Shooter (Minotaur Hexslinger)                Turns: 1137, Time: 00:00:25

Health: 0/29       AC:  4    Str: 12    XL:     3   Next: 94%
Magic:  3/3        EV: 12    Int: 10    God:
Gold:   80         SH:  0    Dex: 14    Spells: 3/4 levels left

rFire   . . .        Y - +2 sling
rCold   . . .        (no shield)
rNeg    . . .        d - +0 leather armour
rPois   .            (helmet restricted)
rElec   .            b - +0 cloak
rCorr   .            (no gloves)
SInv    .            (no boots)
Will    .....        (no amulet)
Stlth   +            (no ring)
HPRegen 0.24/turn    (no ring)
MPRegen 0.08/turn

%: no passive effects
@: no status effects
A: horns 2, retaliatory headbutt
a: no special abilities


You were on level 3 of the Dungeon.
You visited 1 branch of the dungeon, and saw 3 of its levels.

You collected 80 gold pieces.


Innate Abilities, Weirdness & Mutations

You have a pair of horns on your head.
You reflexively headbutt those who attack you in melee.


   Skills:
 - Level 2.0 Fighting
 + Level 4.5 Ranged Weapons
 - Level 2.1 Dodging
 - Level 1.0 Spellcasting
 - Level 2.0 Hexes


You had 3 spell levels left.
You knew the following spells:

 Your Spells              Type           Power      Damage    Failure   Level
a - Slow                  Hex            16%        N/A       19%         1

Your spell library contained the following spells:

 Spells                   Type           Power      Damage    Failure   Level
 Inner Flame              Hex/Fire       2%         N/A       65%         3
 Portal Projectile        Hex/Tloc       4%         N/A       65%         3
 Cause Fear               Hex            2%         N/A       88%         4

Inventory:

Hand Weapons
 Y - a +2 sling (weapon)
Armour
 b - a +0 cloak (worn)
 d - a +0 leather armour (worn)
Scrolls
 a - a scroll of identify
Potions
 h - a potion of brilliance {unknown}
 j - a potion of might {unknown}
 k - a potion of mutation {unknown}

Dungeon Overview and Level Annotations

Branches:
Dungeon (3/15)

Altars:


Message History

The orc shouts!
You shoot a sling bullet. The sling bullet misses the orc wizard.
The sling bullet hits the orc!
You kill the orc!
You hear a shout!
An orc comes into view. It is wielding a +0 falchion.
The orc wizard casts a spell at you. The magic dart hits you.
You shoot a sling bullet. The sling bullet hits the orc wizard.
The orc wizard is lightly wounded.
You shoot a sling bullet. The sling bullet hits the orc wizard.
The orc wizard is moderately wounded.
The orc wizard gestures at you while chanting.
The magic dart hits you.
You shoot a sling bullet. The sling bullet hits the orc wizard.
The orc wizard is heavily wounded.
The orc wizard hits you with a +0 dagger.
You shoot a sling bullet. The sling bullet hits the orc wizard.
The orc wizard is almost dead.
The orc wizard closely misses you.
An orc comes into view. It is wielding a +0 short sword.
You shoot a sling bullet. The sling bullet hits the orc wizard.
You kill the orc wizard!
An orc comes into view. It is wielding a +0 dagger.
Your Ranged Weapons skill increases to level 4!
You shoot a sling bullet. The sling bullet barely misses the orc.
The orc shouts!
The sling bullet hits the orc wizard but does no damage.
You hear a shout!
The orc hits you with a +0 mace.
You shoot a sling bullet. The sling bullet hits the orc wizard.
The orc wizard is lightly wounded.
The orc barely misses you. The orc wizard misses you.
The orc barely misses you. You furiously retaliate!
You headbutt the orc!
You kill the orc!
You shoot a sling bullet. The sling bullet hits the orc wizard.
The orc wizard is heavily wounded.
The orc hits you with a +0 falchion.
The orc wizard hits you with a +0 dagger.
You die...

#######
.......
.......
.......
.......
###o......
#.@)(o.o..
#.#o......
#.#<)...).
#.#..####.
#.#..#
#.#..#
#.#..#
#.#### #.#


You could see an orc wizard and 3 orcs.

Vanquished Creatures
  An orc wizard (D:3)
  A dart slug (D:2)
  2 orcs (D:3)
  A bat (D:2)
  2 endoplasms (D:1)
  3 giant cockroaches
  4 goblins
  5 hobgoblins
  3 jackals (D:1)
  2 quokkas
  3 ball pythons
  A frilled lizard (D:2)
  2 kobolds
  3 rats
33 creatures vanquished.

Notes
Turn   | Place    | Note
-------+----------+-------------------------------------------
     0 | D:1      | qw the Minotaur Hexslinger began the quest for the Orb.
     0 | D:1      | Reached XP level 1. HP: 16/16 MP: 1/1
     0 | D:1      | 0 ||| qw: Version: 0.3-a-52-g30416fa
     0 | D:1      | 0 ||| qw: Game counter: 6483
     0 | D:1      | 0 ||| qw: Melee chars always use a shield: true
     0 | D:1      | 0 ||| qw: God list: Okawaru
     0 | D:1      | 0 ||| qw: Allow faded altars: false
     0 | D:1      | 0 ||| qw: Do Orc after clearing Dungeon:15 true
     0 | D:1      | 0 ||| qw: Do second Lair branch before Depths: true
     0 | D:1      | 0 ||| qw: Lair rune preference: random
     0 | D:1      | 0 ||| qw: Goals: Normal
     0 | D:1      | 0 ||| PLANNING D:1-11
    66 | D:1      | 66 ||| FLEEEEING.
    67 | D:1      | 67 ||| FLEEEEING.
    69 | D:1      | 69 ||| FLEEEEING.
    70 | D:1      | 70 ||| FLEEEEING.
    71 | D:1      | 71 ||| FLEEEEING.
    72 | D:1      | 72 ||| FLEEEEING.
    74 | D:1      | 74 ||| FLEEEEING.
    78 | D:1      | Reached skill level 3 in Ranged Weapons
    78 | D:1      | Reached XP level 2. HP: 22/23 MP: 2/2
   282 | D:1      | Found a faded altar of an unknown god.
   604 | D:1      | 604 ||| UPGRADING to +0 leather armour.
   614 | D:1      | 614 ||| DROPPING +0 robe.
   615 | D:1      | 615 ||| READING scroll labelled XYBLAL CIMIO.
   616 | D:1      | 616 ||| READING scroll labelled DUDUSYFOCUO.
   617 | D:1      | 617 ||| READING scroll labelled MOOGAA NESUSH.
   660 | D:1      | 660 ||| READING scroll labelled QAT WE ZISELO.
   661 | D:1      | 661 ||| DROPPING scroll of poison.
   904 | D:2      | Reached XP level 3. HP: 29/29 MP: 3/3
  1060 | D:2      | 1060 ||| UPGRADING to +0 cloak.
  1065 | D:2      | 1065 ||| DROPPING ring of magical power.
  1066 | D:2      | 1066 ||| READING scroll labelled HOSOWESIEC.
  1067 | D:2      | 1067 ||| READING scroll labelled LATSUTZ CEDEAMA.
  1135 | D:3      | Reached skill level 4 in Ranged Weapons
  1135 | D:3      | HP: 7/29 [orc/+0 mace (6)]
  1137 | D:3      | HP: 3/29 [orc/+0 falchion (5)]
  1137 | D:3      | Slain by an orc wizard

Levels and vault maps discovered:
D:1:      mrwooster_arrival_statue, layout_basic, basic_ecumenical_altar,
          roderic_roman_lattice, minivault_24, palyth_stone_intersect
D:2:      layout_basic, minmay_stone_trees_small
D:3:      layout_basic

Skill      XL: |  1  2  3 |
---------------+----------+-----
Ranged Weapons | 3 4 |  4.5
Fighting       | 2 |  2.0
Dodging        | |  2.1
Spellcasting   | |  1.0
Hexes          | |  2.0

Action                     || total
---------------------------++-------
   Fire: Sling             ||    74
    Use: Scroll            ||     6
 Armour: Robe              ||     2
  Dodge: Dodged            ||    27

Table legend:
 A = Non-vault XP
 B = Vault XP
 C = Vault XP percentage of total XP
 D = Non-vault monster count
 E = Vault monster count
 F = Vault count percentage of total count
                 A         B        C        D         E       F
            +---------+---------+-------+---------+---------+-------
      Total |      94 |       0 |   0.0 |      33 |       0 |   0.0
            +---------+---------+-------+---------+---------+-------
        D:1 |      25 |       0 |   0.0 |      14 |       0 |   0.0
        D:2 |      25 |       0 |   0.0 |      14 |       0 |   0.0
        D:3 |      44 |       0 |   0.0 |       5 |       0 |   0.0
            +---------+---------+-------+---------+---------+-------
